 Dungeon Crawl Stone Soup version 0.31-a0-176-g91f28db67f (webtiles) character file.

Game seed: 10970535675063739787

72 qw the Chopper (level 4, 0/28 HPs)
             Began as a Gargoyle Fighter on June 17, 2023.
             Slain by a gnoll
             ... wielding a +0 whip
              (3 damage)
             ... on level 2 of the Dungeon.
             The game lasted 00:00:30 (1016 turns).

qw the Chopper (Gargoyle Fighter)                   Turns: 1016, Time: 00:00:31

Health: 0/28       AC: 10    Str: 21    XL:     4   Next: 26%
Magic:  4/4        EV:  9    Int:  9    God:
Gold:   97         SH:  4    Dex:  9    Spells: 3/3 levels left

rFire   . . .        Y - +0 war axe
rCold   . . .        c - +0 buckler
rNeg    + . .        b - +0 scale mail
rPois   inf          (no helmet)
rElec   +            (no cloak)
rCorr   .            (no gloves)
SInv    .            (no boots)
Will    .....        (no amulet) Stlth
                     (no ring)
HPRegen 0.24/turn    (no ring)
MPRegen 0.09/turn

%: no passive effects
@: no status effects
A: sickness immunity, AC +3, negative energy resistance 1, electricity
resistance, torment resistance 1, petrification resistance
a: no special abilities


You were on level 2 of the Dungeon.
You visited 1 branch of the dungeon, and saw 2 of its levels.

You collected 97 gold pieces.


Innate Abilities, Weirdness & Mutations

You are immune to sickness and miasma.
Your stone body is resilient. (AC +3)
You are immune to poison.
You resist negative energy. (rN+)
You are resistant to electric shocks. (rElec)
You are resistant to unholy torment.
You are immune to petrification.


   Skills:
 - Level 3.2 Fighting
 + Level 4.0 Axes
 - Level 3.2 Armour
 - Level 3.2 Shields


You had 3 spell levels left.
You didn't know any spells.
Your spell library was empty.

Inventory:

Hand Weapons
 h - a +0 mace
 Y - a +0 war axe (weapon)
Armour
 b - a +0 scale mail (worn)
 c - a +0 buckler (worn)
 o - a +1 hat
Jewellery
 f - a ring of see invisible
Scrolls
 a - a scroll of vulnerability {unknown}
 j - a scroll of revelation {unknown}
 l - a scroll of teleportation {unknown}
 n - a scroll of immolation {unknown}
 p - a scroll of silence {unknown}
 q - a scroll of amnesia {unknown}
Potions
 d - 3 potions of might
 e - a potion of invisibility {unknown}
 g - 2 potions of resistance {unknown}
 i - a potion of mutation {unknown}
 k - a potion of curing {unknown}
 m - a potion of degeneration {unknown}
 r - a potion of brilliance {unknown}

Dungeon Overview and Level Annotations

Branches:
Dungeon (2/15)

Altars:

Shops:
D:1 (


Message History

Enter note:
Enter note:
Enter note:
Enter note:
Enter note:
Enter note:
Enter note: You hit the gnoll.
The gnoll is lightly wounded.
You block the gnoll's attack. The gnoll completely misses you.
The gnoll hits you but does no damage. The gnoll hits you with a +0 halberd.
You hit the gnoll.
The gnoll is moderately wounded.
The gnoll hits you with a +0 halberd! You block the gnoll's attack.
You hit the gnoll but do no damage.
The gnoll is moderately wounded.
The gnoll hits you with a +0 halberd. The gnoll hits you but does no damage.
You slash the gnoll!
You kill the gnoll!
You block the gnoll's attack.
The gnoll hits you from afar with a +0 spear.
The gnoll hits you but does no damage.
You have reached level 4!
You feel clever.
You barely miss the gnoll. The gnoll misses you.
The gnoll hits you from afar with a +0 spear.
You barely miss the gnoll. The gnoll hits you with a +0 club.
The gnoll hits you but does no damage.
You slash the gnoll!
The gnoll is severely wounded.
The gnoll hits you but does no damage. You block the gnoll's attack.
The gnoll closely misses you. The gnoll barely misses you.
You slash the gnoll!
You kill the gnoll!
The gnoll barely misses you.
Your Axes skill increases to level 4!
You slash the gnoll!
The gnoll is almost dead.
The gnoll hits you with a +0 whip.
You die...

...#.##....... #.#..
.........#.... .#..
..#####.##.### .#.. ..
#.##.#.. ..##. #.##.#.#
.... #.##.#.# #.g
####.##.#.# #g# #.......#.#
..#.#@# #.##.####.# #.#.#.#
#.......#.# #.#.#.#
#..###..... #.#.#.#
#..#..#.#.# #.#.#.#
#..#..#.#.#
#.#.#.######..#..#.#.#
#.#.#.........#<.#.#.#
######<#.#########.#.##.#.#
#.............# #.#. ..#.#


You could see 2 gnolls.

Vanquished Creatures
  3 adders (D:2)
  2 gnolls (D:2)
  A dart slug (D:2)
  6 endoplasms
  A giant cockroach (D:1)
  A goblin (D:2)
  A hobgoblin (D:1)
  2 kobolds
  2 quokkas (D:1)
  A ball python (D:1)
  2 bats (D:1)
  2 rats
24 creatures vanquished.

Notes
Turn   | Place    | Note
-------+----------+-------------------------------------------
     0 | D:1      | qw the Gargoyle Fighter began the quest for the Orb.
     0 | D:1      | Reached XP level 1. HP: 14/14 MP: 1/1
     0 | D:1      | 0 ||| qw: Version: 0.3-a-5-g6f28e65
     0 | D:1      | 0 ||| qw: Game counter: 443
     0 | D:1      | 0 ||| qw: Always use a shield: true
     0 | D:1      | 0 ||| qw: God list: Okawaru
     0 | D:1      | 0 ||| qw: Allow faded altars: false
     0 | D:1      | 0 ||| qw: Do Orc after D:15 true
     0 | D:1      | 0 ||| qw: Do second Lair branch before Depths: true
     0 | D:1      | 0 ||| qw: Lair rune preference: random
     0 | D:1      | 0 ||| qw: Plans: Normal, Zot:1-4, Slime:5, God:TSO, Crypt,
                  | Tomb, Abyss, Pan, Hells, Win
     0 | D:1      | 0 ||| PLANNING D:1-11
    67 | D:1      | Reached skill level 2 in Axes
   204 | D:1      | Reached XP level 2. HP: 14/19 MP: 2/2
   229 | D:1      | Found Huqe's Weapon Shop.
   545 | D:1      | Found a faded altar of an unknown god.
   574 | D:1      | 574 ||| READING scroll labelled NURI BIARERAH.
   575 | D:1      | 575 ||| READING scroll labelled ICOALA RAONO.
   592 | D:2      | 592 ||| STAIRDANCE
   725 | D:2      | Reached skill level 3 in Axes
   725 | D:2      | Reached XP level 3. HP: 23/23 MP: 3/3
   736 | D:2      | 736 ||| Stepping ~*~*~tactically~*~*~ (hiding).
  1012 | D:2      | Reached XP level 4. HP: 11/28 MP: 4/4
  1012 | D:2      | HP: 6/28 [gnoll/+0 spear (6)]
  1013 | D:2      | HP: 2/28 [gnoll/+0 club (4)]
  1016 | D:2      | Reached skill level 4 in Axes
  1016 | D:2      | Slain by a gnoll

Levels and vault maps discovered:
D:1:      dpeg_arrival_long_road, layout_loops_ring, serial_shops,
          nicolae_shop_tiny_statue_garden,
          shapermc_ecumenical_altar_mp_urbaneastern, wad_floor_pattern_2
D:2:      layout_basic, st_stairs_3, chequers_arboretum, minmay_splitting_lines,
          uniq_terence

Skill      XL: |  1  2  3  4 |
---------------+-------------+-----
Axes           | 2 3 4 |  4.0
Fighting       | |  3.2
Armour         | |  3.2
Shields        | |  3.2

Action                     |  1- 3 |  4- 6 || total
---------------------------+-------+-------++-------
  Melee: War axe           |    66 |     5 ||    71
    Use: Scroll            |     2 |       ||     2
 Armour: Scale mail        |    38 |     2 ||    40
  Dodge: Dodged            |    21 |     4 ||    25
  Block: Buckler           |    17 |     1 ||    18

Table legend:
 A = Non-vault XP
 B = Vault XP
 C = Vault XP percentage of total XP
 D = Non-vault monster count
 E = Vault monster count
 F = Vault count percentage of total count
                 A         B        C        D         E       F
            +---------+---------+-------+---------+---------+-------
      Total |     100 |       4 |   3.8 |      23 |       1 |   4.2
            +---------+---------+-------+---------+---------+-------
        D:1 |      22 |       0 |   0.0 |      13 |       0 |   0.0
        D:2 |      78 |       4 |   4.9 |      10 |       1 |   9.1
            +---------+---------+-------+---------+---------+-------
